 Dungeon Crawl Stone Soup version 0.29-a0-352-g0917bc69df (webtiles) character file.

Game seed: 1015161122367896552

114 kevlar127 the Ruffian (level 4, -4/67 HPs)
             Began as a Troll Berserker on Apr 24, 2022.
             Was a Believer of Trog.
             Slain by a gnoll
             ... wielding a +0 halberd
              (11 damage)
             ... on level 3 of the Dungeon.
             The game lasted 00:04:12 (1627 turns).

kevlar127 the Ruffian (Troll Berserker)             Turns: 1627, Time: 00:04:13

Health: -4/67      AC:  8    Str: 27    XL:     4   Next: 66%
Magic:  3/3        EV: 10    Int:  3    God:    Trog [**....]
Gold:   90         SH:  0    Dex:  9    Spells: 3/3 levels left

rFire   . . .      SeeInvis .     - Unarmed
rCold   . . .      Faith    .   (no shield)
rNeg    + . .      Spirit   .   a - +0 animal skin
rPois   .          Reflect  .   (helmet restricted)
rElec   .          Harm     .   (no cloak)
rCorr   .          Rampage  .   (gloves unavailable)
Will    .....                   (boots unavailable)
Stlth   ..........              (no amulet)
HPRegen 1.01/turn               e - +4 ring of protection
MPRegen 0.08/turn               j - ring of positive energy

@: berserking, very quick
A: large, unfitting armour, claws 3, regeneration 1, shaggy fur 1, tough skin 1
a: Renounce Religion, Berserk, Trog's Hand


You were on level 3 of the Dungeon.
You worshipped Trog.
Trog was pleased with you.
You visited 1 branch of the dungeon, and saw 3 of its levels.

You collected 90 gold pieces.

Inventory:

Missiles
 f - 48 stones (quivered)
Armour
 a - a +0 animal skin (worn)
Jewellery
 e - a +4 ring of protection (left claw)
 j - a ring of positive energy (right claw)
Scrolls
 b - 2 scrolls of enchant weapon {unknown}
 g - 2 scrolls of identify {unknown}
 m - a scroll of noise {unknown}
Potions
 c - a potion of ambrosia {unknown}
 d - 2 potions of curing {unknown}
 h - a potion of heal wounds {unknown}
 i - a potion of berserk rage {unknown}
 k - a potion of flight {unknown}
 l - a potion of might {unknown}


   Skills:
 + Level 3.3 Fighting
 + Level 1.4 Throwing
 - Level 2.7 Dodging
 + Level 4.0 Unarmed Combat


You had 3 spell levels left.
You didn't know any spells.
Your spell library was empty.

Dungeon Overview and Level Annotations

Branches:
Dungeon (3/15)

Altars:


Innate Abilities, Weirdness & Mutations

You are too large for most types of armour.
You have claws for hands.
Your natural rate of healing is unusually fast.
You are covered in fur. (AC +1)
You have tough skin. (AC +1)


Message History

The frilled lizard bites you but does no damage.
You miss the adder.
The adder is lightly wounded.
The adder barely misses you.
You claw the adder!
You kill the adder!
Trog accepts your kill. The gnoll closely misses you.
The gnoll hits you from afar with a +0 spear.
* * * LOW HITPOINT WARNING * * *
The gnoll barely misses you.
The frilled lizard bites you but does no damage.
You miss the frilled lizard. You closely miss the frilled lizard.
The gnoll hits you from afar with a +0 spear.
* * * LOW HITPOINT WARNING * * *
The gnoll hits you but does no damage. The frilled lizard barely misses you.
The gnoll barely misses you.
You mangle the frilled lizard!!
You feel the power of Trog in you as your rage grows.
You kill the frilled lizard!
Trog accepts your kill. The gnoll hits you but does no damage.
The gnoll hits you from afar with a +0 spear.
* * * LOW HITPOINT WARNING * * *
The gnoll hits you but does no damage.
You see here a frilled lizard corpse.
You closely miss the gnoll. The gnoll hits you with a +0 halberd!
* * * LOW HITPOINT WARNING * * *
The gnoll hits you but does no damage. The gnoll closely misses you.
You barely miss the gnoll. You scratch the gnoll.
The gnoll is lightly wounded.
The gnoll hits you with a +0 halberd.
* * * LOW HITPOINT WARNING * * *
The gnoll hits you but does no damage. x2
You claw the gnoll!
The gnoll is almost dead.
The gnoll hits you with a +0 halberd!
You die...

.##..........
............
#...........
#............
##!...........
###.............
.....ggg........
#..@†.......
##.[........
#..........
#..........
#..........
#..........
............
###.........#
##........#


You could see 3 gnolls.

Vanquished Creatures
  5 adders
  2 worms (D:2)
  A dart slug (D:1)
  5 ball pythons
  3 bats
  5 endoplasms
  3 giant cockroaches
  6 goblins
  3 hobgoblins
  5 jackals
  3 quokkas (D:1)
  4 frilled lizards
  8 kobolds
  6 rats
59 creatures vanquished.

Notes
Turn   | Place    | Note
-------+----------+-------------------------------------------
     0 | D:1      | kevlar127 the Troll Berserker began the quest for the Orb.
     0 | D:1      | Reached XP level 1. HP: 22/22 MP: 0/0
    63 | D:1      | Reached XP level 2. HP: 29/29 MP: 1/1
   168 | D:1      | Found a faded altar of an unknown god.
   428 | D:1      | Reached XP level 3. HP: 36/36 MP: 2/2
   487 | D:1      | Reached ** piety under Trog
   970 | D:2      | Reached XP level 4. HP: 43/45 MP: 3/3
  1043 | D:2      | Reached skill level 1 in Throwing
  1365 | D:2      | Reached skill level 4 in Unarmed Combat
  1627 | D:3      | Slain by a gnoll

Illustrated notes

Levels and vault maps discovered:
D:1:      dpeg_arrival_tiny_a, layout_loops_ring, ebering_ecumenical_altar_mist
D:2:      layout_basic, grunt_ministairs_6
D:3:      layout_rooms

Skill      XL: |  1  2  3  4 |
---------------+-------------+-----
Fighting       | 3 |  3.3
Throwing       | 1 |  1.4
Unarmed Combat | 4 |  4.0
Dodging        | |  2.7

Action                   |  1- 3 |  4- 6 || total
-------------------------+-------+-------++-------
Melee: Unarmed           |    97 |    64 ||   161
       Punch             |     3 |     2 ||     5
Invok: Berserk           |       |     1 ||     1
 Stab: Sleeping          |     1 |       ||     1
Armor: Animal skin       |    33 |    37 ||    70
Dodge: Dodged            |    30 |    39 ||    69

Table legend: (Time is in decaauts)
 A = Elapsed time spent in this place.
 B = Non-inter-level travel time spent in this place.
 C = Inter-level travel time spent in this place.
 D = Time resting spent in this place.
 E = Time spent auto-exploring this place.
 F = Levels seen in this place.
 G = Mean time per level.
                   A        B        C        D        E       F      G
               +--------+--------+--------+--------+--------+-----+--------+
         Total |   1611 |   1574 |     37 |      0 |   1232 |   3 |  537.0 |
       Dungeon |   1611 |   1574 |     37 |      0 |   1232 |   3 |  537.0 |
               +--------+--------+--------+--------+--------+-----+--------+

Top non-repeatable levels by time:
     D:2: 818 daAuts
     D:1: 779 daAuts
     D:3: 14 daAuts
